AoeStats
← VLC | DafeKhan

Hideout

508746311Analyzed
1v1 RM · 9d ago on Sep 23, 2026· 28m 51s· 2 players
Game mode
Random Map
Map size
Tiny (2 player)
Population
200
Speed
Normal
Resources
Standard
Victory
Conquest
Starting age
Dark Age
Ending age
Imperial Age
RankedLock teamsTeams togetherTeam positionsShared explorationLock speedFull tech treeHidden civsTurbo modeCheats
Victory
Defeat
🇨🇴 Saracens · Colombia
1586
+18
🇺🇸 Varangians · United States
1622
-18
VLC | DafeKhan
6:16 Loom
8:44 Feudal Age
9:24 Double-Bit Axe
13:43 Fletching
22:04 Castle Age
21:56 Gold Mining
21:58 Horse Collar
23:03 Wheelbarrow
22:05 Crossbowman
24:31 Bow Saw
27:52 Scale Mail Armor
StayWokeStayBroke
5:59 Loom
9:37 Feudal Age
10:18 Double-Bit Axe
11:10 Horse Collar
15:18 Scale Barding Armor
17:13 Bloodlines
22:39 Forging
Connection lost

Rejoining the realm…

Still unreachable

The connection could not be restored.

Session expired

The server has moved on; the page needs a fresh start.